 Dungeon Crawl Stone Soup version 0.30-a0-883-g5ad918d77d (webtiles) character file.

Game seed: 2244558512766744635

11015 bobarctor the Thaumaturge (level 11, -5/72 HPs)
             Began as a Demonspawn Necromancer on Mar 17, 2023.
             Was a High Priest of Sif Muna.
             Killed from afar by Frances (37 damage)
             ... with an iron shot
             ... on level 12 of the Dungeon.
             The game lasted 01:29:04 (13002 turns).

bobarctor the Thaumaturge (Demonspawn Necromancer) Turns: 13002, Time: 01:29:05

Health: -5/72      AC: 13    Str:  9    XL:     11   Next: 43%
Magic:  21/34      EV: 12    Int: 21    God:    Sif Muna [*****.]
Gold:   238        SH:  0    Dex: 13    Spells: 0/31 levels left

rFire   . . .      SeeInvis .    f - +1 hand axe (venom)
rCold   . . .      Faith    .    (no shield)
rNeg    . . .      Spirit   .    N - +2 leather armour {rPois}
rPois   +          Reflect  .    (helmet restricted)
rElec   .          Rampage  .    o - +0 cloak
rCorr   .                        (no gloves)
Will    .....                    r - +1 pair of boots
Stlth   +++                      l - amulet of regeneration
HPRegen 2.12/turn                i - +4 ring of protection
MPRegen 0.24/turn                O - ring of magical power

@: no status effects
A: antennae 2, powered by death 3, sharp scales 1, demonic magic 1
a: Renounce Religion, Channel Magic, Forget Spell, Divine Exegesis


You were on level 12 of the Dungeon.
You worshipped Sif Muna.
Sif Muna was extremely pleased with you.
You visited 2 branches of the dungeon, and saw 13 of its levels.

You collected 518 gold pieces.
You spent 280 gold pieces at shops.

Inventory:

Hand Weapons
 b - a +4 hand axe
 f - a +1 hand axe of venom (weapon)
 n - a +3 quarterstaff of chaos
 G - a +3 flail
 L - a +0 dagger of venom
 M - a +2 short sword of protection
 Q - a +3 hand axe of electrocution
Missiles
 k - 2 atropa-tipped darts
 D - 2 poisoned darts
 E - 9 boomerangs
 H - 3 datura-tipped darts
 T - 6 javelins
Armour
 a - a +0 robe
 o - a +0 cloak (worn)
 r - a +1 pair of boots (worn)
 y - +0 steam dragon scales
 F - a +1 scale mail of fire resistance
 N - a +2 leather armour of poison resistance (worn)
 P - the +4 robe of Subjectivity {rCorr}
   (You found it on level 10 of the Dungeon)

   rCorr:     It protects you from acid and corrosion.
 V - a +2 leather armour of cold resistance
Magical Staves
 g - a staff of poison
 U - a staff of conjuration
Jewellery
 h - a ring of positive energy
 i - a +4 ring of protection (left hand)
 l - an amulet of regeneration (around neck)
 A - an amulet of the acrobat
 I - an amulet of guardian spirit
 O - a ring of magical power (right hand)
Wands
 u - a wand of quicksilver (30)
 w - a wand of iceblast (11)
Scrolls
 c - 5 scrolls of teleportation
 d - a scroll of enchant weapon
 e - 3 scrolls of fear
 j - 4 scrolls of magic mapping
 t - a scroll of identify
 B - a scroll of blinking
 C - a scroll of enchant armour
 R - a scroll of butterflies {unknown}
Potions
 m - 4 potions of invisibility
 p - 2 potions of brilliance
 q - 3 potions of flight
 s - 2 potions of cancellation
 v - 5 potions of lignification
 x - 2 potions of curing
 z - 2 potions of heal wounds
 J - a potion of resistance
 K - 2 potions of might
 S - a potion of haste {unknown}


   Skills:
 + Level 2.2 Fighting
 + Level 1.3 Armour
 + Level 4.0 Dodging
 + Level 5.2 Stealth
 * Level 10.7 Spellcasting
 * Level 2.8 Hexes
 + Level 1.5 Summonings
 + Level 9.4 Necromancy
 * Level 5.3 Transmutations
 + Level 0.3 Fire Magic
 + Level 0.8 Ice Magic
 * Level 0.4 Air Magic
 * Level 2.2 Poison Magic
 * Level 7.8 Invocations


You couldn't memorise any spells.
You knew the following spells:

 Your Spells              Type           Power      Damage    Failure   Level
a - Necrotise             Necr           100%       1d9       1%          1
b - Vampiric Draining     Necr           50%        2d9       1%          3
c - Ensorcelled Hibernat  Hex/Ice        36%        N/A       6%          2
d - Spider Form           Tmut/Pois      27%        N/A       5%          3
e - Agony                 Necr           50%        N/A       4%          5
f - Anguish               Hex/Necr       18%        N/A       7%          4
g - Summon Guardian Gole  Hex/Summ       20%        N/A       11%         3
h - Inner Flame           Hex/Fire       17%        N/A       13%         3
i - Cause Fear            Hex            11%        N/A       26%         4
j - Mephitic Cloud        Conj/Pois/Air  14%        N/A       17%         3

Your spell library contained the following spells:

 Spells                   Type           Power      Damage    Failure   Level
 Animate Dead             Necr           50%        N/A       1%          4
 Freeze                   Ice            56%        1d7       6%          1
 Shock                    Conj/Air       48%        1d6       8%          1
 Searing Ray              Conj           22%        2d5       12%         2
 Frozen Ramparts          Ice            28%        1d5       19%         3
 Hailstorm                Conj/Ice       12%        3d5       22%         3
 Ice Form                 Ice/Tmut       24%        N/A       22%         4
 Summon Ice Beast         Ice/Summ       16%        N/A       45%         4
 Irradiate                Conj/Tmut      11%        3d15      58%         5
 Iskenderun's Mystic Bla  Conj/Tloc      11%        2d4       63%         4
 Orb of Destruction       Conj           5%         9d5       100%        7
 Spellforged Servitor     Conj/Summ      7%         N/A       100%        7
 Discord                  Hex            11%        N/A       100%        8


Dungeon Overview and Level Annotations

Branches:
Dungeon (12/15)            Temple (1/1) D:5            Lair (0/5) D:11
    Orc (0/2) D:9

Altars:
Ashenzari
Cheibriados
Dithmenos
Fedhas
Gozag
Hepliaklqana
Makhleb
Qazlal
Sif Muna
Vehumet
Wu Jian

Shops:
D:7 ?   D:11 (

Annotations:
D:3 Sigmund
D:12 Frances


Innate Abilities, Weirdness & Mutations

You have a pair of antennae on your head.
You regenerate a lot of health from kills.
You are partially covered in razor-sharp scales. (AC +1, Slay +1)
Spells you cast may paralyse adjacent enemies.


Message History

Frances attacks as you move away! Frances barely misses you.
Frances mutters in a terrible tongue.
The iron shot hits you!!!
Ouch! That really hurt!
Casting: Summon Guardian Golem (dangerous; 11% risk of failure)
Confirm with . or Enter, or press ? or * to list all spells.
Aiming: Vampiric Draining (safe; 1% risk of failure)
Press: ? - help, Shift-Dir - straight line, f - Frances
Aim: Frances, wielding a +0 short sword and wearing a +0 ring mail (fast, ally target)
You draw life force from Frances.
You feel life coursing into your body. Malevolent energies surge around you.
Frances misses you.
Unknown command.
Casting: Vampiric Draining (safe; 1% risk of failure)
Confirm with . or Enter, or press ? or * to list all spells.
Aiming: Vampiric Draining (safe; 1% risk of failure)
Press: ? - help, Shift-Dir - straight line, f/p - Frances
Aim: Frances, wielding a +0 short sword and wearing a +0 ring mail (lightly wounded, fast, ally target)
You draw life force from Frances!
You feel life coursing into your body. Malevolent energies surge around you.
Frances hits you with a +0 short sword!!
* * * LOW HITPOINT WARNING * * *
Frances closely misses you.
Casting: Vampiric Draining (safe; 1% risk of failure)
Confirm with . or Enter, or press ? or * to list all spells.
Aiming: Vampiric Draining (safe; 1% risk of failure)
Press: ? - help, Shift-Dir - straight line, f/p - Frances
Aim: Frances, wielding a +0 short sword and wearing a +0 ring mail (lightly wounded, fast, ally target)
Okay, then.
Casting: Vampiric Draining (safe; 1% risk of failure)
Confirm with . or Enter, or press ? or * to list all spells.
Aiming: Vampiric Draining (safe; 1% risk of failure)
Press: ? - help, Shift-Dir - straight line, f/p - Frances
Aim: Frances, wielding a +0 short sword and wearing a +0 ring mail (lightly wounded, fast, ally target)
You draw life force from Frances!
You feel life coursing into your body! Malevolent energies surge around you.
Frances says, "Would you challenge me, knowing my power?"
Frances chants phrases taken from a devil's mouth.
The iron shot hits you!!!
Ouch! That really hurt!
You die...

..... ### .... ..#
.... ..# #..# #.#
#..# #.# #..# #.#
#..# #@#
#..######@#
#........4#
#.......9o#
#).######)#
.o...o...# #Z#{
..o..o....# #<##
#### ..........#
#).# #..#
..........#
#..#######..######


You could see Frances (fast, ally target), an ice devil (summoned), an orc
priest, a friendly guardian golem (summoned) and a friendly orc wizard skeleton
(sheltered).

Vanquished Creatures
  A boulder beetle (D:11)
  A tengu warrior (D:11)
  Maurice (D:8)
  An unseen horror zombie (D:7)
  A kobold demonologist (D:9)
  A troll (D:9)
  A human (D:9)
  A wyvern (D:9)
  5 yaks (D:9)
  A steam dragon (D:8)
  2 swamp worms (D:10)
  3 water moccasins
  5 orc warriors
  A sky beast (D:6)
  2 ogres
  4 centaurs
  A phantom (D:4)
  7 bullfrogs
  2 scorpions
  A wyvern zombie (D:7)
  2 wights (D:7)
  A killer bee (D:8)
  A howler monkey (D:7)
  A bullfrog zombie (D:7)
  A centaur zombie (D:7)
  4 jellies
  11 orc priests
  A gnoll bouda (D:5)
  Crazy Yiuf (D:5)
  Ijyb (D:3)
  24 orc wizards
  3 sleepcaps
  Natasha (D:4)
  An iguana (D:6)
  2 howler monkey zombies (D:7)
  9 adders
  6 gnolls
  2 white imps (D:6)
  An ufetubus (D:7)
  A worm (D:3)
  2 dart slugs
  61 orcs
  2 ball pythons (D:1)
  5 bats
  9 endoplasms
  A giant cockroach (D:3)
  5 goblins
  3 hobgoblins
  8 jackals
  4 quokkas
  2 frilled lizards (D:1)
  9 kobolds
  5 rats
232 creatures vanquished.

Vanquished Creatures (collateral kills)
  A sky beast (D:6)
  An orc wizard (D:12)
  A dart slug (D:4)
  2 orcs (D:9)
  A hobgoblin (D:4)
6 creatures vanquished.

Vanquished Creatures (others)
  A cyclops (D:12)
  2 gargoyles
  A troll (D:9)
  Prince Ribbit (D:5)
  A hornet (D:11)
  2 wraiths
  A wyvern (D:9)
  5 yaks
  A shadow (D:11)
  A steam dragon (D:8)
  A warg (D:9)
  2 orc warriors
  2 wights (D:7)
  14 fungi (D:11)
  14 plants
  2 withered plants (D:7)
51 creatures vanquished.

Grand Total: 289 creatures vanquished

Notes
Turn   | Place    | Note
-------+----------+-------------------------------------------
     0 | D:1      | bobarctor the Demonspawn Necromancer began the quest for
                  | the Orb.
     0 | D:1      | Reached XP level 1. HP: 13/13 MP: 3/3
   311 | D:1      | Gained mutation: You regenerate a little health from kills.
                  | [demonic ancestry]
   311 | D:1      | Reached XP level 2. HP: 19/19 MP: 3/5
  1090 | D:2      | Found an ornate altar of the Wu Jian Council.
  1112 | D:2      | Gained mutation: You have a pair of small antennae on your
                  | head. [demonic ancestry]
  1112 | D:2      | Reached XP level 3. HP: 24/24 MP: 3/6
  1236 | D:2      | Reached skill level 5 in Necromancy
  1240 | D:2      | Learned a level 3 spell: Vampiric Draining
  1543 | D:2      | Reached skill level 3 in Spellcasting
  1543 | D:2      | Gained mutation: You regenerate health from kills. [demonic
                  | ancestry]
  1543 | D:2      | Reached XP level 4. HP: 30/30 MP: 3/8
  2279 | D:3      | Found a shimmering blue altar of Sif Muna.
  2282 | D:3      | Became a worshipper of Sif Muna the Loreminder
  2642 | D:3      | Noticed Ijyb
  2646 | D:3      | Noticed Sigmund
  2651 | D:3      | Killed Ijyb
  2652 | D:3      | Gained mutation: Spells you cast may paralyse adjacent
                  | enemies. [demonic ancestry]
  2652 | D:3      | Reached XP level 5. HP: 26/35 MP: 2/10
  2871 | D:4      | Reached skill level 4 in Spellcasting
  2938 | D:4      | You fall into a shaft and drop 3 floors!
  2950 | D:7      | Noticed an ogre
  2964 | D:7      | Reached skill level 1 in Invocations
  2964 | D:7      | Gained mutation: You regenerate a lot of health from kills.
                  | [demonic ancestry]
  2964 | D:7      | Reached XP level 6. HP: 41/41 MP: 12/12
  3042 | D:7      | Learned a level 2 spell: Ensorcelled Hibernation
  3104 | D:7      | HP: 1/61 [wyvern zombie (7)]
  3142 | D:7      | Reached skill level 5 in Spellcasting
  3472 | D:7      | Reached * piety under Sif Muna
  3473 | D:7      | Reached XP level 7. HP: 36/44 MP: 14/14
  3846 | D:6      | Learned a level 3 spell: Spider Form
  3852 | D:6      | Learned a level 5 spell: Agony
  3873 | D:5      | Entered Level 5 of the Dungeon
  3900 | D:5      | Reached skill level 1 in Poison Magic
  4031 | D:5      | Found a runed translucent door.
  4032 | D:5      | Noticed Crazy Yiuf
  4192 | D:4      | Noticed Natasha
  4197 | D:4      | Killed Natasha
  4198 | D:4      | Reached skill level 1 in Transmutations
  4346 | D:4      | Reached skill level 6 in Spellcasting
  4672 | D:5      | Noticed Prince Ribbit
  4679 | D:5      | Learned a level 4 spell: Anguish
  4687 | D:5      | Killed Prince Ribbit
  4688 | D:5      | Reached XP level 8. HP: 41/52 MP: 11/17
  4731 | D:5      | Found a staircase to the Ecumenical Temple.
  4740 | Temple   | Entered the Ecumenical Temple
  5125 | D:5      | Reached ** piety under Sif Muna
  5699 | D:5      | Killed Crazy Yiuf
  6087 | D:6      | Reached skill level 7 in Spellcasting
  6347 | D:6      | Found a stormy altar of Qazlal.
  6355 | D:6      | Found a hazy altar of Hepliaklqana.
  6360 | D:6      | Found a radiant altar of Vehumet.
  7093 | D:7      | Reached XP level 9. HP: 54/57 MP: 20/20
  7240 | D:7      | Reached skill level 1 in Fighting
  7240 | D:7      | Reached skill level 5 in Invocations
  7311 | D:7      | Found Awurr's Magic Scroll Shoppe.
  7322 | D:7      | Bought a scroll of magic mapping for 120 gold pieces
  7322 | D:7      | Bought a scroll of identify for 32 gold pieces
  7322 | D:7      | Bought a scroll of teleportation for 48 gold pieces
  7322 | D:7      | Bought a scroll of identify for 32 gold pieces
  7322 | D:7      | Bought a scroll of teleportation for 48 gold pieces
  7384 | D:7      | Reached *** piety under Sif Muna
  7555 | D:7      | Reached skill level 8 in Spellcasting
  8271 | D:8      | Noticed Maurice
  8293 | D:8      | Killed Maurice
  8320 | D:8      | Learned a level 3 spell: Summon Guardian Golem
  8462 | D:8      | Gained mutation: You have a pair of antennae on your head.
                  | [demonic ancestry]
  8462 | D:8      | Reached XP level 10. HP: 56/67 MP: 5/22
  8823 | D:8      | Learned a level 3 spell: Inner Flame
  9275 | D:9      | Reached skill level 1 in Hexes
  9362 | D:9      | Reached **** piety under Sif Muna
  9544 | D:9      | Found a staircase to the Orcish Mines.
  9563 | D:9      | Reached skill level 9 in Spellcasting
 10453 | D:10     | Entered Level 10 of the Dungeon
 10832 | D:10     | Noticed a gargoyle
 10836 | D:10     | Noticed a rust devil
 10838 | D:9      | Noticed a sixfirhy
 10843 | D:9      | HP: 1/67 [kobold demonologist/+0 dagger (4)]
 10845 | D:9      | Reached skill level 10 in Spellcasting
 10989 | D:10     | Killed a gargoyle
 11305 | D:10     | Found a snail-covered altar of Cheibriados.
 11309 | D:10     | Found a shadowy altar of Dithmenos.
 11309 | D:10     | Found a burning altar of Makhleb.
 11313 | D:10     | Found a broken altar of Ashenzari.
 11314 | D:10     | Found a blossoming altar of Fedhas.
 11411 | D:10     | Identified the +4 robe of Subjectivity {rCorr}
 11488 | D:10     | Gained mutation: You are partially covered in razor-sharp
                  | scales. (AC +1, Slay +1) [demonic ancestry]
 11488 | D:10     | Reached XP level 11. HP: 72/72 MP: 25/25
 11755 | D:11     | Reached skill level 5 in Stealth
 11802 | D:11     | Noticed a tengu warrior
 11827 | D:11     | Killed a tengu warrior
 11828 | D:11     | Reached skill level 5 in Transmutations
 11856 | D:11     | Reached skill level 1 in Armour
 11897 | D:11     | Learned a level 4 spell: Cause Fear
 11966 | D:11     | Found a staircase to the Lair.
 12063 | D:11     | Found Ymney's Antique Weapon Boutique.
 12101 | D:11     | Noticed a boulder beetle
 12112 | D:11     | Reached ***** piety under Sif Muna
 12113 | D:11     | Reached skill level 1 in Summonings
 12172 | D:11     | Killed a boulder beetle
 12172 | D:11     | Received a gift from Sif Muna
 12173 | D:11     | Got Sif Muna's Elucidation of Arcane Weapons {god gift}
 12178 | D:11     | Learned a level 3 spell: Mephitic Cloud
 12979 | D:12     | Noticed Frances
 13002 | D:12     | Killed from afar by Frances

Illustrated notes

Levels and vault maps discovered:
D:1:      minmay_arrival_loop, layout_basic, minmay_heptomino_d4
D:2:      layout_basic, basic_altar
D:3:      layout_basic, lemuel_doored_altar, eino_tiny_chamber,
          hangedman_decor_lopped, minmay_fractal_squares_gapless_5, uniq_ijyb,
          uniq_sigmund
D:4:      layout_cave_pools, uniq_natasha
D:5:      layout_loops_corners, minmay_temple_entry_statues_pillars,
          uniq_prince_ribbit1, uniq_crazy_yiuf_cottage
D:6:      hellmonk_destroyed_diamonds, layout_loops_ring, old_standard_altar,
          minmay_overflow_temple_star_quad
D:7:      layout_loops_ring, serial_undead, serial_undead_d, serial_undead_e,
          serial_undead_f, serial_undead_e, serial_shops, shop
D:8:      layout_loops_corners, minmay_quadrilaterals, uniq_maurice
D:9:      layout_cave_pods, erik_orc_4
D:10:     layout_irregular_city, minitemple, worms_lemuel
D:11:     layout_basic, grunt_lair_entry_orc_guard_hut, serial_shops,
          nicolae_shop_statue_plus, hangedman_abyss_or_decor_stabs
D:12:     evilmike_diamond_2, layout_small_grid, serial_nicolae_subway,
          nicolae_sub_station_crystal, nicolae_sub_station_metal,
          nicolae_sub_station_stone, uniq_frances, uniq_rupert
Temple:   nicolae_temple_slightly_damp_pantheon

Skill      XL: |  1  2  3  4  5  6  7  8  9 10 11 |
---------------+----------------------------------+-----
Necromancy     | 5 6 7 8 9 |  9.4
Spellcasting   | 3 4 5 6 7 8 10 | 10.7
Stealth        | 2 3 4 5 |  5.2
Invocations    | 1 2 3 4 6 7 |  7.8
Dodging        | 2 3 4 |  4.0
Poison Magic   | 1 2 |  2.2
Transmutations | 1 2 4 5 |  5.3
Fighting       | 1 2 |  2.2
Hexes          | 1 2 |  2.8
Armour         | 1 |  1.3
Summonings     | 1 |  1.5
Fire Magic     | |  0.3
Ice Magic      | |  0.8
Air Magic      | |  0.4

Action                     |  1- 3 |  4- 6 |  7- 9 | 10-12 || total
---------------------------+-------+-------+-------+-------++-------
  Melee: Staff             |     1 |    18 |       |       ||    19
         Hand axe          |       |    60 |   272 |   234 ||   566
         Punch             |       |     1 |     4 |     4 ||     9
         Unarmed           |       |       |    16 |       ||    16
         Short sword       |       |       |       |    10 ||    10
   Cast: Necrotise         |    66 |    53 |   136 |    76 ||   331
         Vampiric Draining |       |     8 |    25 |    18 ||    51
         Anguish           |       |       |     8 |    21 ||    29
         Ensorcelled Hiber |       |       |     2 |     2 ||     4
         Spider Form       |       |       |     2 |     1 ||     3
         Summon Guardian G |       |       |     1 |    20 ||    21
         Inner Flame       |       |       |       |     7 ||     7
         Agony             |       |       |       |     1 ||     1
    Use: Scroll            |       |     5 |    16 |     4 ||    25
         Potion            |       |     4 |     1 |       ||     5
   Stab: Distracted        |       |     1 |       |     1 ||     2
         Paralysed         |       |     2 |    27 |    16 ||    45
         Sleeping          |       |       |     5 |       ||     5
 Armour: Robe              |     3 |    32 |   140 |    83 ||   258
         Skin              |       |       |     7 |     1 ||     8
         Leather armour    |       |       |       |    76 ||    76
  Dodge: Dodged            |    10 |    79 |   223 |   191 ||   503

Table legend: (Time is in decaauts)
 A = Elapsed time spent in this place.
 B = Non-inter-level travel time spent in this place.
 C = Inter-level travel time spent in this place.
 D = Time resting spent in this place.
 E = Time spent auto-exploring this place.
 F = Levels seen in this place.
 G = Mean time per level.
                   A        B        C        D        E       F      G
               +--------+--------+--------+--------+--------+-----+--------+
         Total |  13251 |  12820 |    431 |   2511 |   7096 |  13 | 1019.3 |
       Dungeon |  13236 |  12805 |    431 |   2511 |   7096 |  12 | 1103.0 |
        Temple |     14 |     14 |      0 |      0 |      0 |   1 |   14.0 |
               +--------+--------+--------+--------+--------+-----+--------+

Top non-repeatable levels by time:
     D:7: 1706 daAuts
     D:9: 1599 daAuts
     D:5: 1426 daAuts
     D:8: 1339 daAuts
     D:6: 1273 daAuts
     D:2: 1266 daAuts
    D:11: 1090 daAuts
    D:10: 1029 daAuts
     D:1: 908 daAuts
     D:4: 798 daAuts
     D:3: 502 daAuts
    D:12: 294 daAuts
  Temple: 14 daAuts
